AoeStats
← old f1sh

Black Forest

509332500Analyzed
4v4 RM · 5d ago on Sep 26, 2026· 32m 8s· 8 players
Game mode
Random Map
Map size
Large (8 player)
Population
200
Speed
Normal
Resources
Standard
Victory
Conquest
Starting age
Dark Age
Ending age
Imperial Age
RankedLock teamsTeams togetherTeam positionsShared explorationLock speedFull tech treeHidden civsTurbo modeCheats
Victory
Defeat
🇨🇳 Burgundians · China
1580
+7
🇩🇪 Japanese · Germany
1513
+9
🇨🇳 Danes · China
1457
+11
1456
+10
🇹🇼 Japanese · Taiwan
1366
-10
🇭🇺 Bohemians · Hungary
1366
-10
🇹🇷 Magyars · Türkiye
1360
-10
🇷🇺 Khmer · Russia
1278
-7
荒野一條蟲
0:43 Loom
15:08 Feudal Age
19:16 Castle Age
19:29 Double-Bit Axe
27:09 Bow Saw
29:01 Guard Tower
huninter
1:10 Loom
16:58 Feudal Age
26:59 Castle Age
29:07 Double-Bit Axe
31:54 Imperial Age
32:26 Chemistry
31:13 Fishing Lines
32:22 Fervor
32:52 Wheelbarrow
32:44 Bow Saw
bombino
12:58 Feudal Age
16:11 Castle Age
14:04 Double-Bit Axe
14:21 Horse Collar
17:53 Bow Saw
17:58 Fishing Lines
21:23 Heavy Plow
22:04 Bloodlines
23:42 Wheelbarrow
24:37 Forging
25:25 Stone Mining
27:27 Stone Shaft Mining
30:14 Imperial Age
27:43 Gold Mining
28:47 Hand Cart
28:52 Husbandry
29:19 Devotion
29:08 Town Watch
30:18 Gold Shaft Mining
30:06 Ballistics
30:59 Scale Barding Armor
31:05 Siege Engineers
32:03 Conscription
Nghtly
7:37 Loom
13:21 Feudal Age
18:43 Castle Age
18:22 Double-Bit Axe
20:13 Bow Saw
25:17 Fishing Lines
26:33 Gillnets
26:59 Town Watch
27:49 Wheelbarrow
27:18 Gold Mining
31:07 Imperial Age
28:48 Thumb Ring
28:34 Fletching
28:45 Padded Archer Armor
29:26 Ballistics
29:58 Gold Shaft Mining
30:10 Bodkin Arrow
30:30 Leather Archer Armor
30:55 Bloodlines
30:46 Husbandry
AmyLasE-
0:49 Loom
13:53 Feudal Age
14:29 Double-Bit Axe
14:51 Arson
14:35 Man-at-Arms
15:56 Fishing Lines
21:08 Horse Collar
25:43 Scale Mail Armor
26:23 Wheelbarrow
27:15 Forging
28:58 Gold Mining
32:09 Castle Age
30:02 Stone Mining
V我50%匡扶汉室
0:59 Loom
16:08 Feudal Age
21:33 Castle Age
19:26 Double-Bit Axe
19:23 Horse Collar
25:21 Bow Saw
27:04 Heavy Plow
32:01 Gold Mining
32:03 Stone Mining
32:57 Wheelbarrow
33:06 Wheelbarrow
old f1sh
3:54 Double-Bit Axe
10:54 Feudal Age
10:24 Fishing Lines
11:51 Bow Saw
12:09 Gillnets
20:54 Castle Age
19:11 Gold Mining
21:00 Gold Shaft Mining
21:59 Guilds
24:57 Imperial Age
23:47 Padded Archer Armor
25:00 Leather Archer Armor
26:38 Chemistry
25:54 Forging
25:45 Scale Mail Armor
26:04 Treadmill Crane
27:48 Iron Casting
27:16 Squires
27:02 Arson
29:22 Chain Mail Armor
30:07 Blast Furnace
涅槃重生
11:18 Feudal Age
13:24 Wheelbarrow
17:35 Castle Age
15:57 Double-Bit Axe
16:41 Gold Mining
17:11 Loom
19:22 Bow Saw
21:53 Fletching
25:55 Fishing Lines
28:12 Horse Collar
32:09 Imperial Age
29:58 Stone Mining
31:34 Scale Mail Armor
31:44 Forging
Connection lost

Rejoining the realm…

Still unreachable

The connection could not be restored.

Session expired

The server has moved on; the page needs a fresh start.